 Dungeon Crawl Stone Soup version 0.21-a0 (webtiles) character file.

88 Lexie the Magician (level 4, 0/27 HPs)
             Began as an Octopode Wizard on May 19, 2017.
             Succumbed to an adder's poison
             ... on level 2 of the Dungeon.
             The game lasted 00:04:35 (3263 turns).

Lexie the Magician (Octopode Wizard)                Turns: 3263, Time: 00:04:35

Health: 0/27       AC:  1    Str: 10    XL:     4   Next: 54%
Magic:  5/10       EV: 13    Int: 26    God:
Gold:   118        SH:  0    Dex: 10    Spells: 2/11 levels left

rFire    . . .     SeeInvis .   n - +2 dagger (holy)
rCold    . . .     Gourm    .   (no shield)
rNeg     . . .     Faith    .   a - +0 hat
rPois    .         Spirit   .   (no amulet)
rElec    .         Reflect  .   l - +4 ring of strength
rCorr    .         Harm     .   (no ring)
MR       .....                  (no ring)
Stlth    +++.......             (no ring)
Regen    0.1/turn               (no ring)
MPRegen  0.2/turn               (no ring)
                                (no ring)
                                (no ring)

@: brilliant, lethally poisoned (0 -> -2)
A: almost no armour, stealthy swim, amphibious, 8 rings, constrict 8, camouflage
1, gelatinous body 1
a: no special abilities


You were on level 2 of the Dungeon.
You were very hungry.

You visited 1 branch of the dungeon, and saw 2 of its levels.

You collected 118 gold pieces.

Inventory:

Hand Weapons
 f - a +0 dagger
 n - a +2 dagger of holy wrath (weapon)
Armour
 a - a +0 hat (worn)
Jewellery
 l - a +4 ring of strength (left tentacle)
Potions
 e - a potion of flight
 g - a potion of cancellation
Books
 b - a book of Minor Magic

   Spells                             Type                      Level
   a - Magic Dart                     Conjuration                  1
   b - Blink                          Translocation                2
   c - Call Imp                       Summoning                    2
   d - Slow                           Hexes                        2
   e - Conjure Flame                  Conjuration/Fire             3
   f - Mephitic Cloud                 Conjuration/Poison/Air       3
Comestibles
 c - 2 bread rations
 k - 3 royal jellies


   Skills:
 - Level 2.0 Dodging
 + Level 3.6 Stealth
 * Level 4.0 Spellcasting
 * Level 2.4 Conjurations
   Level 1.0 Summonings
 - Level 1.0 Translocations


You had 2 spell levels left.
You knew the following spells:

 Your Spells              Type           Power        Failure   Level  Hunger
a - Magic Dart            Conj           ####         1%          1    None
b - Blink                 Tloc           N/A          1%          2    None
c - Conjure Flame         Conj/Fire      ####....     1%          3    ##.....
d - Mephitic Cloud        Conj/Pois/Air  ####....     2%          3    ##.....


Dungeon Overview and Level Annotations

Branches:
Dungeon (2/15)

Altars:
Fedhas
Gozag
Qazlal
Yredelemnul
Zin
The Shining One


Innate Abilities, Weirdness & Mutations

You cannot wear most types of armour.
You are very stealthy in the water. (Stealth+)
You are amphibious.
You can wear up to eight rings at the same time.
You can use your tentacles to constrict eight enemies at once.
Your skin changes colour to match your surroundings (Stealth+).
Your rubbery body absorbs attacks. (AC +1, EV +1)


Message History

You assume a fearsome visage.
Nothing appears to happen.
It was a scroll of fear.
As you read the scroll labeled ZONUOSMITTOE, it crumbles to dust.
It is a scroll of enchant weapon.
Your +1 dagger of holy wrath glows red for a moment.
* * * LOW HITPOINT WARNING * * *
You feel sick.
As you read the scroll labeled XENTEUFIURR, it crumbles to dust.
It is a scroll of identify.
You don't have any unidentified items.
There is a lethal amount of poison in your body!
* * * LOW HITPOINT WARNING * * *
You feel sick.
* * * LOW HITPOINT WARNING * * *
You feel sick.
* * * LOW HITPOINT WARNING * * *
You feel sick.
* * * LOW HITPOINT WARNING * * *
You feel sick.
You die...

#... ..# #.# #..#
#.#.##.# #.# #.##
#.#.##.# #.# #.#
#.#.##.# #.# #.# #.
.##.###.##########.##
#.#................
#.##..................
#.........##.#(#####..
#.#####@.........##
#..
#.......#######...#
#.. #######.# ###
#...# #..
#.#######...####..
#.'.._..'.........
#.###.###..#####.. #.#
#.# #..# #..
#.###'###..# #..
#..........# ##.


There were no monsters in sight!

Vanquished Creatures
  3 adders
  A worm (D:2)
  2 dart slugs
  2 ball pythons
  3 giant cockroaches (D:1)
  6 goblins
  6 hobgoblins
  3 jackals (D:2)
  A quokka (D:2)
  9 bats
  2 frilled lizards (D:1)
  8 kobolds
  7 rats
53 creatures vanquished.

Notes
Turn   | Place    | Note
-------+----------+-------------------------------------------
     0 | D:1      | Lexie the Octopode Wizard began the quest for the Orb.
     0 | D:1      | Reached XP level 1. HP: 11/11 MP: 4/4
   586 | D:1      | Reached XP level 2. HP: 17/17 MP: 3/6
  1554 | D:1      | Reached XP level 3. HP: 21/21 MP: 4/8
  1558 | D:1      | Learned a level 2 spell: Blink
  1562 | D:1      | Learned a level 3 spell: Conjure Flame
  2040 | D:2      | Found a stormy altar of Qazlal.
  2042 | D:2      | Noticed an earth elemental
  2045 | D:2      | Noticed a fire elemental
  2048 | D:2      | Noticed a water elemental
  2048 | D:2      | Noticed an air elemental
  2075 | D:2      | Found a glowing golden altar of the Shining One.
  2227 | D:2      | Found a stormy altar of Qazlal.
  2326 | D:2      | Found a blossoming altar of Fedhas.
  2327 | D:2      | Found a glowing silver altar of Zin.
  2328 | D:2      | Found a basalt altar of Yredelemnul.
  2645 | D:2      | Found an opulent altar of Gozag.
  2694 | D:1      | Reached XP level 4. HP: 10/27 MP: 0/9
  3042 | D:2      | Learned a level 3 spell: Mephitic Cloud
  3207 | D:2      | Reached skill level 4 in Spellcasting
  3259 | D:2      | HP: 1/27 [poisoned by an adder]
  3263 | D:2      | Succumbed to an adder's poison

Vault maps used:
D:1:      dpeg_arrival_tiny_c, hex_large, minmay_misc_feat_more_columns
D:2:      nicolae_overflow_crystal_walls, minitemple, lemuel_doored_altar,
          overflow_temple_1_default, first_bread,
          nicolae_qazlal_style_of_elements

Skill      XL: |  1  2  3  4 |
---------------+-------------+-----
Stealth        | 3 |  3.6
Conjurations   | 2 |  2.4
Spellcasting   | 4 |  4.0
Dodging        | |  2.0
Summonings     | |  1.0
Translocations | |  1.0

Action                   |  1- 3 |  4- 6 || total
-------------------------+-------+-------++-------
Melee: Unarmed           |    17 |       ||    17
       Tentacles         |     5 |       ||     5
       Constrict         |     6 |       ||     6
       Dagger            |    18 |       ||    18
 Cast: Magic Dart        |   109 |    32 ||   141
       Blink             |     3 |       ||     3
       Conjure Flame     |     1 |       ||     1
  Use: Potion            |     3 |     1 ||     4
       Scroll            |       |     5 ||     5
  Eat: Chunk             |     5 |     1 ||     6
Armor: Skin              |     6 |     3 ||     9
Dodge: Dodged            |    48 |     2 ||    50
